 Dungeon Crawl Stone Soup version 0.23.2-1-ga50397a6bc (webtiles) character file.

Game seed: 15227933475703337539

1158 BeezOne84 the Slinger (level 8, 0/54 HPs)
             Began as a Halfling Hunter on May 7, 2019.
             Slain by an orc warrior
             ... wielding a +0 short sword
              (18 damage)
             ... on level 6 of the Dungeon.
             The game lasted 00:36:51 (4178 turns).

BeezOne84 the Slinger (Halfling Hunter)             Turns: 4178, Time: 00:36:51

Health: 0/54       AC:  6    Str: 13    XL:     8   Next: 66%
Magic:  8/8        EV: 10    Int:  9    God:
Gold:   169        SH:  8    Dex: 17    Spells: 7/7 levels left

rFire    . . .     SeeInvis .   b - +0 short sword
rCold    . . .     Gourm    .   n - +0 shield
rNeg     + . .     Faith    .   i - +0 scale mail
rPois    .         Spirit   .   (no helmet)
rElec    .         Reflect  .   (no cloak)
rCorr    .         Harm     .   (no gloves)
MR       .....                  (no boots)
Stlth    ++........             (no amulet)
HPRegen  0.18/turn              j - ring of positive energy
MPRegen  0.11/turn              (no ring)

@: no status effects
A: small, mutation resistance 1, wild magic 1
a: no special abilities


You were on level 6 of the Dungeon.
You were not hungry.

You visited 1 branch of the dungeon, and saw 6 of its levels.

You collected 197 gold pieces.
You spent 28 gold pieces at shops.

Inventory:

Hand Weapons
 a - a +2 hunting sling
 b - a +0 short sword (weapon)
 o - a +1 fustibalus of flaming
Missiles
 h - 190 stones (quivered)
Armour
 c - a +0 leather armour
 i - a +0 scale mail (worn)
 n - a +0 shield (worn)
Jewellery
 j - a ring of positive energy (left hand)
 l - an uncursed ring of magical power
 m - an uncursed amulet of magic regeneration
Scrolls
 e - 5 scrolls of teleportation
 g - a scroll of blinking
 p - a scroll of remove curse
 r - 2 scrolls of identify
 v - a scroll of immolation
Potions
 k - a potion of agility
 s - a potion of might
 t - a potion of flight
 u - a potion of curing
Comestibles
 f - 5 rations


   Skills:
 + Level 3.7 Fighting
 + Level 11.2 Slings
 + Level 2.9 Armour
 + Level 2.9 Dodging
 * Level 5.1 Stealth
 + Level 1.2 Shields


You had 7 spell levels left.
You didn't know any spells.
Your spell library contained the following spells:

 Spells                   Type           Power        Failure   Level  Hunger
 Confusing Touch          Hex            #.....       100%        1    ##.....
 Confuse                  Hex            #.......     100%        3    ####...
 Gell's Gravitas          Tloc           #.........   100%        3    ####...
 Petrify                  Tmut/Erth      #.......     100%        4    #####..
 Metabolic Englaciation   Hex/Ice        #.........   100%        5    ######.
 Yara's Violent Unravell  Hex/Tmut       #.........   100%        5    ######.


Dungeon Overview and Level Annotations

Branches:
Dungeon (6/15)             Temple (0/1) D:4

Altars:
Ashenzari
Hepliaklqana
Nemelex Xobeh
Okawaru
Trog
Uskayaw
Xom
The Shining One

Shops:
D:4 *   D:5 :*(:=


Innate Abilities, Weirdness & Mutations

You are small and have problems with some larger weapons.
You are somewhat resistant to further mutation.
Your spells are a little harder to cast, but a little more powerful.


Message History

You hit the orc warrior but do no damage.
The orc warrior is lightly wounded.
You block the orc warrior's attack. The orc priest hits you with a +0 club.
You hit the orc warrior.
The orc warrior is moderately wounded.
The orc warrior closely misses you. The orc priest hits you with a +0 club.
* * * LOW HITPOINT WARNING * * *
The orc priest calls upon Beogh to heal the orc warrior.
The orc warrior is healed somewhat.
You closely miss the orc warrior.
The orc warrior is lightly wounded.
You block the orc warrior's attack.
Your scale mail prevents you from hitting the orc warrior.
The orc warrior is lightly wounded.
You block the orc warrior's attack.
You barely miss the orc warrior.
The orc warrior is lightly wounded.
The orc warrior barely misses you.
The orc warrior hits you with a +0 short sword!!
You die...

#.##..##.#.# #>##..##.#.#
#.##...#.#.#####
######.###(.<.......(
............._#.%#
#o..........#
#.###..###).#
##############.###..# ((#
.......<....@oo....... .(#
##############.###......(.
#.# #...##(.## #.# .###.
.(# #.# # #..(# #.. ###


You could see an orc warrior and an orc priest.

Vanquished Creatures
  Grinder (D:3)
  Edmund (D:4)
  A sky beast (D:5)
  2 ogres
  A bullfrog (D:4)
  2 scorpions
  A bullfrog zombie (D:5)
  A jelly (D:6)
  An orc priest (D:5)
  2 orc wizards
  Jessica (D:2)
  Terence (D:3)
  A worker ant (D:4)
  2 hound skeletons (D:4)
  A gnoll (D:1)
  3 adders
  2 shadow imps
  2 oozes
  An adder skeleton (D:4)
  A worm (D:5)
  4 dart slugs
  5 leopard geckos
  14 orcs
  A ball python (D:1)
  4 giant cockroaches
  7 goblins
  11 hobgoblins
  4 jackals (D:1)
  2 quokkas
  8 bats
  4 frilled lizards
  8 kobolds
  7 rats
107 creatures vanquished.

Vanquished Creatures (others)
  An orc wizard (D:4)
  An orc (D:4)
2 creatures vanquished.

Grand Total: 109 creatures vanquished

Notes
Turn   | Place    | Note
-------+----------+-------------------------------------------
     0 | D:1      | BeezOne84 the Halfling Hunter began the quest for the Orb.
     0 | D:1      | Reached XP level 1. HP: 14/14 MP: 1/1
    44 | D:1      | Reached skill level 6 in Slings
    84 | D:1      | Reached XP level 2. HP: 19/19 MP: 2/2
   364 | D:1      | Reached XP level 3. HP: 24/24 MP: 3/3
   673 | D:1      | Reached skill level 7 in Slings
   673 | D:1      | Reached XP level 4. HP: 29/29 MP: 4/4
  1353 | D:2      | Reached XP level 5. HP: 34/34 MP: 5/5
  1561 | D:2      | Noticed Jessica
  1564 | D:2      | Killed Jessica
  1607 | D:3      | Noticed Grinder
  1607 | D:3      | Paralysed by Grinder for 2 turns
  1616 | D:3      | Paralysed by Grinder for 2 turns
  1628 | D:3      | Paralysed by Grinder for 5 turns
  1636 | D:3      | Killed Grinder
  1636 | D:3      | Reached skill level 9 in Slings
  1636 | D:3      | Reached skill level 1 in Armour
  1636 | D:3      | Reached XP level 6. HP: 29/41 MP: 6/6
  1748 | D:3      | Found a bloodstained altar of Trog.
  2103 | D:3      | Found a shattered altar of Ashenzari.
  2163 | D:3      | Noticed Terence
  2168 | D:3      | Killed Terence
  2168 | D:3      | Reached XP level 7. HP: 45/45 MP: 7/7
  2220 | D:3      | Gained mutation: Your spells are a little harder to cast,
                  | but a little more powerful. [potion of mutation]
  2516 | D:4      | Found Umedooz's General Store.
  2546 | D:4      | Bought a scroll of identify for 28 gold pieces
  2580 | D:4      | Noticed Edmund
  2650 | D:4      | Killed Edmund
  2882 | D:4      | Found a glowing golden altar of the Shining One.
  2965 | D:4      | Found a staircase to the Ecumenical Temple.
  2990 | D:4      | Found an iron altar of Okawaru.
  2990 | D:4      | Found a hide-covered altar of Uskayaw.
  3042 | D:4      | Found a shimmering altar of Xom.
  3054 | D:4      | Reached skill level 10 in Slings
  3341 | D:4      | Reached XP level 8. HP: 43/52 MP: 8/8
  3395 | D:4      | Found a sparkling altar of Nemelex Xobeh.
  3689 | D:5      | Entered Level 5 of the Dungeon
  3701 | D:5      | Reached skill level 1 in Shields
  3806 | D:5      | Found Pianiel's Book Shoppe.
  3842 | D:5      | Found Goax's General Store.
  3851 | D:5      | Reached skill level 5 in Stealth
  3954 | D:5      | Found Netapo's Jewellery Emporium.
  4060 | D:5      | Found Holo's Weapon Shoppe.
  4061 | D:5      | Found Ene Taej's Book Shoppe.
  4113 | D:6      | Found a hazy altar of Hepliaklqana.
  4121 | D:6      | Reached skill level 11 in Slings
  4178 | D:6      | Slain by an orc warrior

Skill      XL: |  1  2  3  4  5  6  7  8 |
---------------+-------------------------+-----
Slings         | 6 7 9 10 11 | 11.2
Stealth        | 2 3 4 5 |  5.1
Fighting       | 2 3 |  3.7
Armour         | 1 2 |  2.9
Shields        | 1 |  1.2
Dodging        | |  2.9

Action                   |  1- 3 |  4- 6 |  7- 9 || total
-------------------------+-------+-------+-------++-------
Melee: Fustibalus        |       |       |    12 ||    12
       Unarmed           |       |       |     1 ||     1
       Short sword       |       |       |     6 ||     6
 Fire: Hunting sling     |    80 |    80 |       ||   160
       Fustibalus        |       |    20 |   154 ||   174
  Use: Scroll            |     6 |     2 |     2 ||    10
       Potion            |     2 |       |     7 ||     9
  Eat: Ration            |       |     1 |     2 ||     3
Armor: Leather armour    |     4 |       |       ||     4
       Scale mail        |     5 |    11 |    17 ||    33
       Skin              |       |       |     5 ||     5
Dodge: Dodged            |    15 |    15 |    36 ||    66
Block: Shield            |       |     3 |    33 ||    36
